Workbook
Name \0: #REF!
Name _________________________esc15: #REF!
Name _________________________esc4: #REF!
Name _________________________esc6: #REF!
Name ________________________esc15: #REF!
Name ________________________esc4: #REF!
Name ________________________esc6: #REF!
Name _______________________esc15: #REF!
Name _______________________esc4: #REF!
Name _______________________esc6: #REF!
Name ______________________esc15: #REF!
Name ______________________esc4: #REF!
Name ______________________esc6: #REF!
Name ____________________esc15: #REF!
Name ____________________esc4: #REF!
Name ____________________esc6: #REF!
Name ___________________esc15: #REF!
Name ___________________esc4: #REF!
Name ___________________esc6: #REF!
Name __________________esc15: #REF!
Name __________________esc4: #REF!
Name __________________esc6: #REF!
Name _________________esc15: #REF!
Name _________________esc4: #REF!
Name _________________esc6: #REF!
Name _______________esc15: #REF!
Name _______________esc4: #REF!
Name _______________esc6: #REF!
Name ______________esc15: #REF!
Name ______________esc4: #REF!
Name ______________esc6: #REF!
Name _____________esc15: #REF!
Name _____________esc4: #REF!
Name _____________esc6: #REF!
Name ____________esc15: #REF!
Name ____________esc4: #REF!
Name ____________esc6: #REF!
Name ___________esc15: #REF!
Name ___________esc4: #REF!
Name ___________esc6: #REF!
Name __________esc15: #REF!
Name __________esc4: #REF!
Name __________esc6: #REF!
Name _________esc15: #REF!
Name _________esc4: #REF!
Name _________esc6: #REF!
Name ________esc15: #REF!
Name ________esc4: #REF!
Name ________esc6: #REF!
Name _______esc15: #REF!
Name _______esc4: #REF!
Name _______esc6: #REF!
Name __xlnm_Database: "#ref!"
Name __xlnm_Recorder: "#ref!"
Name _esc15: #REF!
Name _esc4: #REF!
Name _esc6: #REF!
Name A: #REF!
Name aaaa: #REF!
Name AB: #REF!

Sheet Orçamento Sintético
A1: PREFEITURA MUNICIPAL DE SANTA LUZIA
D2: Objeto: | E2: Bancos | H2: B.D.I. | I2: Encargos Sociais
D3: Registro de preço para futura e eventual contratação de empresa para execução de serviços de restauração, recuperação, melhoramento e construção de pavimentos em diversos logradouros públicos no município, com fornecimento de mão de obra, materiais e equipamentos. | E3: SINAPI - 11/2022 - Minas Gerais SBC - 12/2022 - Minas Gerais SICRO3 - 07/2022 - Minas Gerais SETOP - 10/2022 - Minas Gerais SUDECAP - 10/2022 - Minas Gerais | H3: 24,21% | I3: Não Desonerado: embutido nos preços unitário dos insumos de mão de obra, de acordo com as bases.
H4: Belo Horizonte, 21 de junho de 2023
A5: PLANILHA ORÇAMENTÁRIA
A6: Item | B6: Código | C6: Banco | D6: Descrição | E6: Und | F6: Quant. | G6: Valor Unit | H6: Valor Unit com BDI | I6: Total | J6: Peso (%)
D7: TOTAL GERAL | I7: =I8+I33+I49+I61+I73+I85+I101+I110+I112+I115 -> 76331945
A8: 1 | D8: SERVIÇOS PRELIMINARES | I8: =SUM(I9:I32) -> 438566.41 | J8: =I8 / 78146205.39 -> 0.0056121268
A9: 1.1 | B9: ED-16660 | C9: SETOP | D9: FORNECIMENTO E COLOCAÇÃO DE PLACA DE OBRA EM CHAPA GALVANIZADA #26, ESP. 0,45 MM, PLOTADA COM ADESIVO VINÍLICO, AFIXADA COM REBITES 4,8X40 MM, EM ESTRUTURA METÁLICA DE METALON 20X20 MM, ESP. 1,25 MM, INCLUSIVE SUPORTE EM EUCALIPTO AUTOCLAVADO PINTADO COM TINTA PVA DUAS (2) DEMÃOS | E9: m² | F9: 135 | G9: 297.88 | H9: =TRUNC(G9 * (1 + 24.21 / 100), 2) -> 369.99 | I9: =TRUNC(F9 * H9, 2) -> 49948.65 | J9: =I9 / 78146205.39 -> 0.00063916923
A10: 1.2 | B10: 01.02.11 | C10: SUDECAP | D10: BARRACAO DE OBRA - AREA COBERTA EM TELHA ONDULADA DE FIBROCIMENTO 4MM | E10: m² | F10: 100 | G10: 74.52 | H10: =TRUNC(G10 * (1 + 24.21 / 100), 2) -> 92.56 | I10: =TRUNC(F10 * H10, 2) -> 9256 | J10: =I10 / 78146205.39 -> 0.00011844465
A11: 1.3 | B11: 01.04.02 | C11: SUDECAP | D11: TAPUME PADRAO SUDECAP (TIPO I, II E III) - COMPENSADO 10MM FIXAÇAO ENTERRADA SEM INFORME PBH | E11: M | F11: 500 | G11: 104.72 | H11: =TRUNC(G11 * (1 + 24.21 / 100), 2) -> 130.07 | I11: =TRUNC(F11 * H11, 2) -> 65035 | J11: =I11 / 78146205.39 -> 0.00083222211
A12: 1.4 | B12: 01.04.09 | C12: SUDECAP | D12: TAPUME PADRAO SUDECAP (TIPO I, II E III) - TELA-TAPUME DE POLIPROPILENO H= 1,20 M, INCL. BASE | E12: M | F12: 1000 | G12: 9 | H12: =TRUNC(G12 * (1 + 24.21 / 100), 2) -> 11.17 | I12: =TRUNC(F12 * H12, 2) -> 11170 | J12: =I12 / 78146205.39 -> 0.0001429372
A13: 1.5 | B13: 01.04.10 | C13: SUDECAP | D13: TAPUME PADRAO SUDECAP (TIPO I, II E III) - PROTEÇAO COM FITA ZEBRADA AMARELA L=7CM E PEÇA 7X7 | E13: M | F13: 1000 | G13: 7.59 | H13: =TRUNC(G13 * (1 + 24.21 / 100), 2) -> 9.42 | I13: =TRUNC(F13 * H13, 2) -> 9420 | J13: =I13 / 78146205.39 -> 0.00012054328
A14: 1.6 | B14: 01.04.11 | C14: SUDECAP | D14: TAPUME PADRAO SUDECAP (TIPO I, II E III) - FITA ZEBRADA AMARELA PARA SINALIZAÇAO L= 7CM | E14: M | F14: 3000 | G14: 3.11 | H14: =TRUNC(G14 * (1 + 24.21 / 100), 2) -> 3.86 | I14: =TRUNC(F14 * H14, 2) -> 11580 | J14: =I14 / 78146205.39 -> 0.00014818378
A15: 1.7 | B15: 01.06.01 | C15: SUDECAP | D15: INSTALAÇAO PROVISORIA - CONCESSIONARIA - PADRÃO CEMIG PROVISÓRIO TIPO C3, DEMANDA PROVÁVEL DE 23,1 ATÉ 27,0KW (3F+N) | E15: UN | F15: 10 | G15: 810.09 | H15: =TRUNC(G15 * (1 + 24.21 / 100), 2) -> 1006.21 | I15: =TRUNC(F15 * H15, 2) -> 10062.1 | J15: =I15 / 78146205.39 -> 0.00012875993
A16: 1.8 | B16: 01.06.05 | C16: SUDECAP | D16: INSTALAÇAO PROVISORIA - CONCESSIONARIA - PADRAO COPASA - KIT CAVALTE METAL E REGISTRO 3/4" | E16: UN | F16: 10 | G16: 464.63 | H16: =TRUNC(G16 * (1 + 24.21 / 100), 2) -> 577.11 | I16: =TRUNC(F16 * H16, 2) -> 5771.1 | J16: =I16 / 78146205.39 -> 7.3850035e-05
A17: 1.9 | B17: 01.09.03 | C17: SUDECAP | D17: CONTAINER 6,0X2,30X2,82 M COM ISOLAMENTO TERMICO - ESCRITORIO COM AR CONDICIONADO E SANITARIO | E17: MES | F17: 12 | G17: 930 | H17: =TRUNC(G17 * (1 + 24.21 / 100), 2) -> 1155.15 | I17: =TRUNC(F17 * H17, 2) -> 13861.8 | J17: =I17 / 78146205.39 -> 0.00017738289
A18: 1.10 | B18: 01.09.07 | C18: SUDECAP | D18: CONTAINER 6,0X2,30X2,82 M COM ISOLAMENTO TERMICO - VESTIARIO 4 CHUV. 3 SANIT. 1LAVAT. 1 MICT. | E18: MES | F18: 12 | G18: 850 | H18: =TRUNC(G18 * (1 + 24.21 / 100), 2) -> 1055.78 | I18: =TRUNC(F18 * H18, 2) -> 12669.36 | J18: =I18 / 78146205.39 -> 0.0001621238
A19: 1.11 | B19: 01.09.09 | C19: SUDECAP | D19: CONTAINER 6,0X2,30X2,82 M COM ISOLAMENTO TERMICO - REFEITORIO | E19: MES | F19: 12 | G19: 650 | H19: =TRUNC(G19 * (1 + 24.21 / 100), 2) -> 807.36 | I19: =TRUNC(F19 * H19, 2) -> 9688.32 | J19: =I19 / 78146205.39 -> 0.00012397685
A20: 1.12 | B20: 01.09.10 | C20: SUDECAP | D20: CONTAINER 6,0X2,30X2,82 M COM ISOLAMENTO TERMICO - DEPOSITO E FERRAMENTARIA COM LAVATORIO | E20: MES | F20: 12 | G20: 730 | H20: =TRUNC(G20 * (1 + 24.21 / 100), 2) -> 906.73 | I20: =TRUNC(F20 * H20, 2) -> 10880.76 | J20: =I20 / 78146205.39 -> 0.00013923594
... A32: 1.24 | B32: 01.11.05 | C32: SUDECAP | D32: SINALIZAÇAO - FAIXA 6,0X0,80M TECIDO MORIM SUPORTE EM EUCALIPTO | E32: UN | F32: 300 | G32: 201.68 | H32: =TRUNC(G32 * (1 + 24.21 / 100), 2) -> 250.5 | I32: =TRUNC(F32 * H32, 2) -> 75150 | J32: =I32 / 78146205.39 -> 0.00096165898
A33: 2 | D33: DEMOLIÇÕES REMOÇÕES E LIMPEZA | I33: =SUM(I34:I48) -> 3168370 | J33: =I33 / 78146205.39 -> 0.040544131
A34: 2.1 | B34: 02.11.07 | C34: SUDECAP | D34: DEMOLIÇAO DE PASSEIO E PAVIMENTO - DE REVESTIMENTO ASFALTICO COM EQUIP. PNEUMATICO | E34: m² | F34: 1000 | G34: 14.08 | H34: =TRUNC(G34 * (1 + 24.21 / 100), 2) -> 17.48 | I34: =TRUNC(F34 * H34, 2) -> 17480 | J34: =I34 / 78146205.39 -> 0.00022368329
A35: 2.2 | B35: 02.11.05 | C35: SUDECAP | D35: DEMOLIÇAO DE PASSEIO E PAVIMENTO - MANUAL DE ALVENARIA POLIEDRICA | E35: m² | F35: 15000 | G35: 6.31 | H35: =TRUNC(G35 * (1 + 24.21 / 100), 2) -> 7.83 | I35: =TRUNC(F35 * H35, 2) -> 117450 | J35: =I35 / 78146205.39 -> 0.0015029521
A36: 2.3 | B36: 02.11.02 | C36: SUDECAP | D36: DEMOLIÇAO DE PASSEIO E PAVIMENTO - PASSEIO OU LAJE DE CONCRETO C/ EQUIP. PNEUMATICO | E36: m² | F36: 10000 | G36: 14.08 | H36: =TRUNC(G36 * (1 + 24.21 / 100), 2) -> 17.48 | I36: =TRUNC(F36 * H36, 2) -> 174800 | J36: =I36 / 78146205.39 -> 0.0022368329
A37: 2.4 | B37: 02.11.04 | C37: SUDECAP | D37: DEMOLIÇAO DE PASSEIO E PAVIMENTO - PASSEIO OU LAJE DE CONCRETO C/EQUIPAMENTO ELETRICO | E37: m² | F37: 5000 | G37: 5.99 | H37: =TRUNC(G37 * (1 + 24.21 / 100), 2) -> 7.44 | I37: =TRUNC(F37 * H37, 2) -> 37200 | J37: =I37 / 78146205.39 -> 0.00047603079
A38: 2.5 | B38: 02.11.01 | C38: SUDECAP | D38: DEMOLIÇAO DE PASSEIO E PAVIMENTO - PASSEIO OU LAJE DE CONCRETO MANUALMENTE | E38: m² | F38: 5000 | G38: 21.64 | H38: =TRUNC(G38 * (1 + 24.21 / 100), 2) -> 26.87 | I38: =TRUNC(F38 * H38, 2) -> 134350 | J38: =I38 / 78146205.39 -> 0.0017192134
A39: 2.6 | B39: 02.12.01 | C39: SUDECAP | D39: CORTE MECANICO EM CONCRETO/ASFALTO - CORTE MECAN. C/ SERRA CIRCULAR EM CONCRETO/ASFALTO | E39: M | F39: 2000 | G39: 1.97 | H39: =TRUNC(G39 * (1 + 24.21 / 100), 2) -> 2.44 | I39: =TRUNC(F39 * H39, 2) -> 4880 | J39: =I39 / 78146205.39 -> 6.244705e-05
A40: 2.7 | B40: 96001 | C40: SINAPI | D40: FRESAGEM DE PAVIMENTO ASFÁLTICO (PROFUNDIDADE ATÉ 5,0 CM) - EXCLUSIVE TRANSPORTE. AF_11/2019 | E40: m² | F40: 90000 | G40: 7.48 | H40: =TRUNC(G40 * (1 + 24.21 / 100), 2) -> 9.29 | I40: =TRUNC(F40 * H40, 2) -> 836100 | J40: =I40 / 78146205.39 -> 0.010699176
A41: 2.8 | B41: 02.15.01 | C41: SUDECAP | D41: REMOÇAO DE MEIO-FIO - PREMOLDADO DE CONCRETO | E41: M | F41: 20000 | G41: 7.89 | H41: =TRUNC(G41 * (1 + 24.21 / 100), 2) -> 9.8 | I41: =TRUNC(F41 * H41, 2) -> 196000 | J41: =I41 / 78146205.39 -> 0.0025081192
A42: 2.9 | B42: 21.04.01 | C42: SUDECAP | D42: REMOÇAO E REASSENTAMENTO DE MEIO-FIO - PREMOLDADO DE CONCRETO | E42: M | F42: 5000 | G42: 31.3 | H42: =TRUNC(G42 * (1 + 24.21 / 100), 2) -> 38.87 | I42: =TRUNC(F42 * H42, 2) -> 194350 | J42: =I42 / 78146205.39 -> 0.002487005
A43: 2.10 | B43: CPU-1000 | C43: Próprio | D43: REMOÇÃO DE BOCA DE LOBO SIMPLES | E43: UN | F43: 100 | G43: 37.48 | H43: =TRUNC(G43 * (1 + 24.21 / 100), 2) -> 46.55 | I43: =TRUNC(F43 * H43, 2) -> 4655 | J43: =I43 / 78146205.39 -> 5.9567832e-05
A44: 2.11 | B44: 02.26.01 | C44: SUDECAP | D44: TRANSPORTE DE MATERIAL DEMOLIDO EM CARRINHO DE MAO - DMT <= 50,0 M | E44: m³ | F44: 500 | G44: 23.68 | H44: =TRUNC(G44 * (1 + 24.21 / 100), 2) -> 29.41 | I44: =TRUNC(F44 * H44, 2) -> 14705 | J44: =I44 / 78146205.39 -> 0.00018817292
A45: 2.12 | B45: 02.27.01 | C45: SUDECAP | D45: CARGA DE MATERIAL DEMOLIDO SOBRE CAMINHAO - MANUAL | E45: m³ | F45: 1000 | G45: 20.74 | H45: =TRUNC(G45 * (1 + 24.21 / 100), 2) -> 25.76 | I45: =TRUNC(F45 * H45, 2) -> 25760 | J45: =I45 / 78146205.39 -> 0.00032963853
... A48: 2.15 | B48: 02.30.01 | C48: SUDECAP | D48: LIMPEZA DO PAVIMENTO - CAPINA E VARRIÇAO DE PAVIMENTO EM ALVEN.POLIEDRICA | E48: m² | F48: 140000 | G48: 2.63 | H48: =TRUNC(G48 * (1 + 24.21 / 100), 2) -> 3.26 | I48: =TRUNC(F48 * H48, 2) -> 456400 | J48: =I48 / 78146205.39 -> 0.0058403348
A49: 3 | D49: TRABALHOS EM TERRA | I49: =SUM(I50:I60) -> 5666310 | J49: =I49 / 78146205.39 -> 0.072509087
A50: 3.1 | B50: 03.05.01 | C50: SUDECAP | D50: ESCAVAÇAO E CARGA MECANIZADA - EM MATERIAL DE 1ª CATEGORIA | E50: m³ | F50: 10000 | G50: 6.96 | H50: =TRUNC(G50 * (1 + 24.21 / 100), 2) -> 8.64 | I50: =TRUNC(F50 * H50, 2) -> 86400 | J50: =I50 / 78146205.39 -> 0.0011056199
A51: 3.2 | B51: 03.05.02 | C51: SUDECAP | D51: ESCAVAÇAO E CARGA MECANIZADA - EM MATERIAL DE 2ª CATEGORIA | E51: m³ | F51: 5000 | G51: 9.27 | H51: =TRUNC(G51 * (1 + 24.21 / 100), 2) -> 11.51 | I51: =TRUNC(F51 * H51, 2) -> 57550 | J51: =I51 / 78146205.39 -> 0.00073644011
A52: 3.3 | B52: 101115 | C52: SINAPI | D52: ESCAVAÇÃO HORIZONTAL EM SOLO DE 1A CATEGORIA COM TRATOR DE ESTEIRAS (150HP/LÂMINA: 3,18M3). AF_07/2020 | E52: m³ | F52: 50000 | G52: 3.49 | H52: =TRUNC(G52 * (1 + 24.21 / 100), 2) -> 4.33 | I52: =TRUNC(F52 * H52, 2) -> 216500 | J52: =I52 / 78146205.39 -> 0.002770448
A53: 3.4 | B53: 03.12.01 | C53: SUDECAP | D53: CARGA DE MATERIAL DE QQUER NATUREZA SOBRE CAMINHAO - MANUAL | E53: m³ | F53: 3000 | G53: 20.74 | H53: =TRUNC(G53 * (1 + 24.21 / 100), 2) -> 25.76 | I53: =TRUNC(F53 * H53, 2) -> 77280 | J53: =I53 / 78146205.39 -> 0.00098891558
A54: 3.5 | B54: 03.12.03 | C54: SUDECAP | D54: CARGA DE MATERIAL DE QQUER NATUREZA SOBRE CAMINHAO - MECANICA | E54: m³ | F54: 47000 | G54: 2.97 | H54: =TRUNC(G54 * (1 + 24.21 / 100), 2) -> 3.68 | I54: =TRUNC(F54 * H54, 2) -> 172960 | J54: =I54 / 78146205.39 -> 0.0022132872
A55: 3.6 | B55: 03.13.04 | C55: SUDECAP | D55: TRANSPORTE DE MATERIAL DE QUALQUER NATUREZA - DMT > 5 KM | E55: M3KM | F55: 1950000 | G55: 1.97 | H55: =TRUNC(G55 * (1 + 24.21 / 100), 2) -> 2.44 | I55: =TRUNC(F55 * H55, 2) -> 4758000 | J55: =I55 / 78146205.39 -> 0.060885874
A56: 3.7 | B56: 03.15.01 | C56: SUDECAP | D56: ATERRO COMPACTADO - COM ROLO VIBRATORIO | E56: m³ | F56: 10000 | G56: 5.11 | H56: =TRUNC(G56 * (1 + 24.21 / 100), 2) -> 6.34 | I56: =TRUNC(F56 * H56, 2) -> 63400 | J56: =I56 / 78146205.39 -> 0.00081129979
A57: 3.8 | B57: 03.15.02 | C57: SUDECAP | D57: ATERRO COMPACTADO - COM PLACA VIBRATORIA | E57: m³ | F57: 5000 | G57: 21.67 | H57: =TRUNC(G57 * (1 + 24.21 / 100), 2) -> 26.91 | I57: =TRUNC(F57 * H57, 2) -> 134550 | J57: =I57 / 78146205.39 -> 0.0017217727
A58: 3.9 | B58: 03.23.01 | C58: SUDECAP | D58: REGULARIZAÇAO E COMPACTAÇAO DE TERRENO - MANUAL, COM SOQUETE | E58: m² | F58: 1000 | G58: 5.21 | H58: =TRUNC(G58 * (1 + 24.21 / 100), 2) -> 6.47 | I58: =TRUNC(F58 * H58, 2) -> 6470 | J58: =I58 / 78146205.39 -> 8.2793527e-05
A59: 3.10 | B59: 03.23.03 | C59: SUDECAP | D59: REGULARIZAÇAO E COMPACTAÇAO DE TERRENO - COM PLACA VIBRATORIA | E59: m² | F59: 5000 | G59: 4.48 | H59: =TRUNC(G59 * (1 + 24.21 / 100), 2) -> 5.56 | I59: =TRUNC(F59 * H59, 2) -> 27800 | J59: =I59 / 78146205.39 -> 0.00035574344
A60: 3.11 | B60: 03.23.05 | C60: SUDECAP | D60: REGULARIZAÇAO E COMPACTAÇAO DE TERRENO - COM ROLO VIBRATORIO | E60: m² | F60: 20000 | G60: 2.64 | H60: =TRUNC(G60 * (1 + 24.21 / 100), 2) -> 3.27 | I60: =TRUNC(F60 * H60, 2) -> 65400 | J60: =I60 / 78146205.39 -> 0.00083689284
A61: 4 | D61: DRENAGEM | I61: =SUM(I62:I72) -> 6395205.8 | J61: =I61 / 78146205.39 -> 0.081836421
A62: 4.1 | B62: 05.01.01 | C62: SUDECAP | D62: ENROCAMENTO COM PEDRA DE MAO - JOGADA | E62: T | F62: 2000 | G62: ='Orçamento Analítico '!J490 -> 84.13 | H62: =TRUNC(G62 * (1 + 24.21 / 100), 2) -> 104.49 | I62: =TRUNC(F62 * H62, 2) -> 208980 | J62: =I62 / 78146205.39 -> 0.0026742181
A63: 4.2 | B63: 05.01.02 | C63: SUDECAP | D63: ENROCAMENTO COM PEDRA DE MAO - ARRUMADA | E63: m³ | F63: 10000 | G63: ='Orçamento Analítico '!J498 -> 195.03 | H63: =TRUNC(G63 * (1 + 24.21 / 100), 2) -> 242.24 | I63: =TRUNC(F63 * H63, 2) -> 2422400 | J63: =I63 / 78146205.39 -> 0.030998306
A64: 4.3 | B64: 05.09.02 | C64: SUDECAP | D64: FORNECIMENTO E LANÇAMENTO DE MATERIAL DRENANTE - BRITA | E64: m³ | F64: 3500 | G64: ='Orçamento Analítico '!J508 -> 116.58 | H64: =TRUNC(G64 * (1 + 24.21 / 100), 2) -> 144.8 | I64: =TRUNC(F64 * H64, 2) -> 506800 | J64: =I64 / 78146205.39 -> 0.0064852797
A65: 4.4 | B65: 20.10.03 | C65: SUDECAP | D65: TRANSPORTE DE MATERIAL DE QUALQUER NATUREZA - DMT > 10KM | E65: TxKM | F65: 378000 | G65: 1.02 | H65: =TRUNC(G65 * (1 + 24.21 / 100), 2) -> 1.26 | I65: =TRUNC(F65 * H65, 2) -> 476280 | J65: =I65 / 78146205.39 -> 0.0060947297
A66: 4.5 | B66: 19.30.05 | C66: SUDECAP | D66: SARJETA - PADRAO SUDECAP - TIPO B - (50X10)CM - DES-R01 | E66: M | F66: 60000 | G66: 35.06 | H66: =TRUNC(G66 * (1 + 24.21 / 100), 2) -> 43.54 | I66: =TRUNC(F66 * H66, 2) -> 2612400 | J66: =I66 / 78146205.39 -> 0.033429646
A67: 4.6 | B67: 19.13.02 | C67: SUDECAP | D67: CONJUNTO QUADRO E GRELHA PARA BOCA DE LOBO - TIPO B (CONCRETO) - PADRAO SUDECAP | E67: UN | F67: 100 | G67: 378.57 | H67: =TRUNC(G67 * (1 + 24.21 / 100), 2) -> 470.22 | I67: =TRUNC(F67 * H67, 2) -> 47022 | J67: =I67 / 78146205.39 -> 0.00060171828
A68: 4.7 | B68: 19.14.02 | C68: SUDECAP | D68: CANTONEIRA PARA BOCA DE LOBO - TIPO B (CONCRETO) - PADRAO SUDECAP | E68: UN | F68: 100 | G68: 127.05 | H68: =TRUNC(G68 * (1 + 24.21 / 100), 2) -> 157.8 | I68: =TRUNC(F68 * H68, 2) -> 15780 | J68: =I68 / 78146205.39 -> 0.00020192919
A69: 4.8 | B69: 19.12.01 | C69: SUDECAP | D69: ALTEAMENTO DE CAIXA PARA BOCA DE LOBO - SIMPLES | E69: M | F69: 20 | G69: 909.83 | H69: =TRUNC(G69 * (1 + 24.21 / 100), 2) -> 1130.09 | I69: =TRUNC(F69 * H69, 2) -> 22601.8 | J69: =I69 / 78146205.39 -> 0.00028922454
A70: 4.9 | B70: 19.12.02 | C70: SUDECAP | D70: ALTEAMENTO DE CAIXA PARA BOCA DE LOBO - DUPLA | E70: M | F70: 20 | G70: 1516.55 | H70: =TRUNC(G70 * (1 + 24.21 / 100), 2) -> 1883.7 | I70: =TRUNC(F70 * H70, 2) -> 37674 | J70: =I70 / 78146205.39 -> 0.00048209635
A71: 4.10 | B71: 19.22.03 | C71: SUDECAP | D71: TAMPAO DE POÇO DE VISITA - REBAIXAMENTO DE TAMPAO DE PV EM ATE 20 CM | E71: UN | F71: 100 | G71: 119.96 | H71: =TRUNC(G71 * (1 + 24.21 / 100), 2) -> 149 | I71: =TRUNC(F71 * H71, 2) -> 14900 | J71: =I71 / 78146205.39 -> 0.00019066825
A72: 4.11 | B72: 19.22.04 | C72: SUDECAP | D72: TAMPAO DE POÇO DE VISITA - ALTEAMENTO DE TAMPAO DE PV EM ATE 20 CM | E72: UN | F72: 100 | G72: 244.49 | H72: =TRUNC(G72 * (1 + 24.21 / 100), 2) -> 303.68 | I72: =TRUNC(F72 * H72, 2) -> 30368 | J72: =I72 / 78146205.39 -> 0.00038860492
A73: 5 | D73: PAVIMENTAÇÃO | I73: =SUM(I74:I84) -> 46607082 | J73: =I73 / 78146205.39 -> 0.59640877
A74: 5.1 | B74: 20.01.01 | C74: SUDECAP | D74: REGULARIZAÇAO - REGULARIZAÇAO E COMPACTAÇAO DO SUBLEITO | E74: m² | F74: 140000 | G74: 2.64 | H74: =TRUNC(G74 * (1 + 24.21 / 100), 2) -> 3.27 | I74: =TRUNC(F74 * H74, 2) -> 457800 | J74: =I74 / 78146205.39 -> 0.0058582499
A75: 5.2 | B75: 20.04.03 | C75: SUDECAP | D75: SUB-BASE ESTAB. GRANUL. ENERGIA PROCTOR INTERMED. - COM BRITA BICA CORRIDA (AGREGADO DE PEDREIRA) | E75: m³ | F75: 10000 | G75: 202.07 | H75: =TRUNC(G75 * (1 + 24.21 / 100), 2) -> 250.99 | I75: =TRUNC(F75 * H75, 2) -> 2509900 | J75: =I75 / 78146205.39 -> 0.032118002
A76: 5.3 | B76: 20.06.03 | C76: SUDECAP | D76: BASE ESTAB. GRANUL.COMPACT.ENERG.PROCTOR INTERMED. - COM BRITA BICA CORRIDA (AGREGADO DE PEDREIRA) | E76: m³ | F76: 21000 | G76: 208.33 | H76: =TRUNC(G76 * (1 + 24.21 / 100), 2) -> 258.76 | I76: =TRUNC(F76 * H76, 2) -> 5433960 | J76: =I76 / 78146205.39 -> 0.069535814
A77: 5.4 | B77: CPU-1002 | C77: Próprio | D77: Imprimação com CM-30 (Execução e fornecimento do material betuminoso, exclusive transporte do material betuminoso) | E77: m² | F77: 210000 | G77: 4.02 | H77: =TRUNC(G77 * (1 + 24.21 / 100), 2) -> 4.99 | I77: =TRUNC(F77 * H77, 2) -> 1047900 | J77: =I77 / 78146205.39 -> 0.01340948
A78: 5.5 | B78: 20.12.01 | C78: SUDECAP | D78: PINTURA - PINTURA DE LIGAÇAO COM RR-1C | E78: m² | F78: 420000 | G78: 2.47 | H78: =TRUNC(G78 * (1 + 24.21 / 100), 2) -> 3.06 | I78: =TRUNC(F78 * H78, 2) -> 1285200 | J78: =I78 / 78146205.39 -> 0.016446096
A79: 5.6 | B79: 95996 | C79: SINAPI | D79: EXECUÇÃO DE PAVIMENTO COM APLICAÇÃO DE CONCRETO ASFÁLTICO, CAMADA DE BINDER - EXCLUSIVE CARGA E TRANSPORTE. AF_11/2019 | E79: m³ | F79: 3000 | G79: 1467.85 | H79: =TRUNC(G79 * (1 + 24.21 / 100), 2) -> 1823.21 | I79: =TRUNC(F79 * H79, 2) -> 5469630 | J79: =I79 / 78146205.39 -> 0.069992266
A80: 5.7 | B80: 95995 | C80: SINAPI | D80: EXECUÇÃO DE PAVIMENTO COM APLICAÇÃO DE CONCRETO ASFÁLTICO, CAMADA DE ROLAMENTO - EXCLUSIVE CARGA E TRANSPORTE. AF_11/2019 | E80: m³ | F80: 9600 | G80: 1694.49 | H80: =TRUNC(G80 * (1 + 24.21 / 100), 2) -> 2104.72 | I80: =TRUNC(F80 * H80, 2) -> 20205312 | J80: =I80 / 78146205.39 -> 0.25855781
A81: 5.8 | B81: 101170 | C81: SINAPI | D81: EXECUÇÃO DE PAVIMENTO EM PEDRAS POLIÉDRICAS, REJUNTAMENTO COM PÓ DE PEDRA. AF_05/2020 | E81: m² | F81: 70000 | G81: 45.71 | H81: =TRUNC(G81 * (1 + 24.21 / 100), 2) -> 56.77 | I81: =TRUNC(F81 * H81, 2) -> 3973900 | J81: =I81 / 78146205.39 -> 0.050852117
A82: 5.9 | B82: 20.10.03 | C82: SUDECAP | D82: TRANSPORTE DE MATERIAL DE QUALQUER NATUREZA - DMT > 10KM | E82: TxKM | F82: 3990000 | G82: 1.02 | H82: =TRUNC(G82 * (1 + 24.21 / 100), 2) -> 1.26 | I82: =TRUNC(F82 * H82, 2) -> 5027400 | J82: =I82 / 78146205.39 -> 0.064333258
A83: 5.10 | B83: CPU-041 | C83: Próprio | D83: GEOGRELHA TECIDA COM FILAMENTOS DE POLIESTER + PVC, RESISTENCIA LONGITUDINAL: 90 KN/M, RESISTENCIA TRANSVERSAL: 30 KN/M - FORNECIMENTO E INSTALAÇÃO EM PAVIMENTOS ASFÁLTICOS | E83: m² | F83: 3000 | G83: 64.64 | H83: =TRUNC(G83 * (1 + 24.21 / 100), 2) -> 80.28 | I83: =TRUNC(F83 * H83, 2) -> 240840 | J83: =I83 / 78146205.39 -> 0.0030819155
A84: 5.11 | B84: 4011482 | C84: SICRO3 | D84: Reciclagem com adição de 3% de cimento e incorporação do revestimento asfáltico à base | E84: m³ | F84: 11000 | G84: 69.92 | H84: =TRUNC(G84 * (1 + 24.21 / 100), 2) -> 86.84 | I84: =TRUNC(F84 * H84, 2) -> 955240 | J84: =I84 / 78146205.39 -> 0.012223754
A85: 6 | D85: OBRAS COMPLEMENTARES | I85: =SUM(I86:I100) -> 8148151 | J85: =I85 / 78146205.39 -> 0.10426803
A86: 6.1 | B86: 40.22.30 | C86: SUDECAP | D86: ACO - ACO CA-50 E CA-60 - CORTE, DOBRAMENTO E COLOCACAO | E86: KG | F86: 5000 | G86: 12.64 | H86: =TRUNC(G86 * (1 + 24.21 / 100), 2) -> 15.7 | I86: =TRUNC(F86 * H86, 2) -> 78500 | J86: =I86 / 78146205.39 -> 0.0010045273
A87: 6.2 | B87: ED-49813 | C87: SETOP | D87: LASTRO DE BRITA 2 OU 3 APILOADO MANUALMENTE | E87: m³ | F87: 100 | G87: 158.88 | H87: =TRUNC(G87 * (1 + 24.21 / 100), 2) -> 197.34 | I87: =TRUNC(F87 * H87, 2) -> 19734 | J87: =I87 / 78146205.39 -> 0.00025252666
A88: 6.3 | B88: 40.10.23 | C88: SUDECAP | D88: CONCRETO CONVENCIONAL BRITA CALC. LANC. EM ESTRUT. - CONCRETO FCK >= 20 MPA, BRITA CALCÁRIA, PREPARADO EM OBRA E LANÇADO EM ESTRUTURA | E88: m³ | F88: 100 | G88: 671.33 | H88: =TRUNC(G88 * (1 + 24.21 / 100), 2) -> 833.85 | I88: =TRUNC(F88 * H88, 2) -> 83385 | J88: =I88 / 78146205.39 -> 0.0010670384
A89: 6.4 | B89: 40.10.25 | C89: SUDECAP | D89: CONCRETO CONVENCIONAL BRITA CALC. LANC. EM ESTRUT. - CONCRETO FCK >= 25 MPA, BRITA CALCÁRIA, PREPARADO EM OBRA E LANÇADO EM ESTRUTURA | E89: m³ | F89: 100 | G89: 711.84 | H89: =TRUNC(G89 * (1 + 24.21 / 100), 2) -> 884.17 | I89: =TRUNC(F89 * H89, 2) -> 88417 | J89: =I89 / 78146205.39 -> 0.0011314305
A90: 6.5 | B90: 06.09.20 | C90: SUDECAP | D90: CONCRETO USINADO BOMBEADO LANÇADO EM ESTRUTURA - FCK >= 20 MPA, BRITA CALCÁRIA, USINADO BOMBEÁVEL, LANÇADO EM ESTRUTURA | E90: m³ | F90: 200 | G90: 712.08 | H90: =TRUNC(G90 * (1 + 24.21 / 100), 2) -> 884.47 | I90: =TRUNC(F90 * H90, 2) -> 176894 | J90: =I90 / 78146205.39 -> 0.0022636288
A91: 6.6 | B91: 06.09.25 | C91: SUDECAP | D91: CONCRETO USINADO BOMBEADO LANÇADO EM ESTRUTURA - FCK >= 25 MPA, BRITA CALCÁRIA, USINADO BOMBEÁVEL, LANÇADO EM ESTRUTURA | E91: m³ | F91: 200 | G91: 729.68 | H91: =TRUNC(G91 * (1 + 24.21 / 100), 2) -> 906.33 | I91: =TRUNC(F91 * H91, 2) -> 181266 | J91: =I91 / 78146205.39 -> 0.0023195752
A92: 6.7 | B92: 21.03.03 | C92: SUDECAP | D92: MEIO FIO E CORDAO - PADRAO SUDECAP - MEIO FIO EM CONCRETO PRE-MOLDADO FCK>=20MPA, PADRÃO SUDECAP TIPO A, 30 X 14,2/12 (H X L1/L2), COMPRIMENTO 80 CM | E92: M | F92: 60000 | G92: 45.43 | H92: =TRUNC(G92 * (1 + 24.21 / 100), 2) -> 56.42 | I92: =TRUNC(F92 * H92, 2) -> 3385200 | J92: =I92 / 78146205.39 -> 0.043318802
A93: 6.8 | B93: 21.05.01 | C93: SUDECAP | D93: PASSEIOS - DE CONCRETO 15 MPA E=6CM JUNTA SECA 3M MANUAL | E93: m² | F93: 30000 | G93: 48.42 | H93: =TRUNC(G93 * (1 + 24.21 / 100), 2) -> 60.14 | I93: =TRUNC(F93 * H93, 2) -> 1804200 | J93: =I93 / 78146205.39 -> 0.023087493
A94: 6.9 | B94: 21.05.03 | C94: SUDECAP | D94: PASSEIOS - CONCRETO >=20MPA USINADO E=8CM MECANIZ.(INCL.TELA) | E94: m² | F94: 10000 | G94: ='Orçamento Analítico '!J863 -> 56.59 | H94: =TRUNC(G94 * (1 + 24.21 / 100), 2) -> 70.29 | I94: =TRUNC(F94 * H94, 2) -> 702900 | J94: =I94 / 78146205.39 -> 0.0089946786
A95: 6.10 | B95: 93679 | C95: SINAPI | D95: EXECUÇÃO DE PASSEIO EM PISO INTERTRAVADO, COM BLOCO RETANGULAR COLORIDO DE 20 X 10 CM, ESPESSURA 6 CM. AF_12/2015 | E95: m² | F95: 5000 | G95: 75.12 | H95: =TRUNC(G95 * (1 + 24.21 / 100), 2) -> 93.3 | I95: =TRUNC(F95 * H95, 2) -> 466500 | J95: =I95 / 78146205.39 -> 0.0059695797
A96: 6.11 | B96: 92396 | C96: SINAPI | D96: EXECUÇÃO DE PASSEIO EM PISO INTERTRAVADO, COM BLOCO RETANGULAR COR NATURAL DE 20 X 10 CM, ESPESSURA 6 CM. AF_12/2015 | E96: m² | F96: 10000 | G96: 67.83 | H96: =TRUNC(G96 * (1 + 24.21 / 100), 2) -> 84.25 | I96: =TRUNC(F96 * H96, 2) -> 842500 | J96: =I96 / 78146205.39 -> 0.010781074
A97: 6.12 | B97: 21.30.07 | C97: SUDECAP | D97: GRAMACAO, INCLUSIVE PLANTIO - GRAMA ESMERALDA - WILD ZOYSIA | E97: m² | F97: 5000 | G97: 19.83 | H97: =TRUNC(G97 * (1 + 24.21 / 100), 2) -> 24.63 | I97: =TRUNC(F97 * H97, 2) -> 123150 | J97: =I97 / 78146205.39 -> 0.0015758923
A98: 6.13 | B98: ED-50586 | C98: SETOP | D98: PISO PODOTÁTIL DE CONCRETO, ALERTA, APLICADO EM PISO (40X40CM) COM JUNTA SECA, COR VERMELHO/AMARELO, ASSENTAMENTO COM ARGAMASSA INDUSTRIALIZADA, INCLUSIVE FORNECIMENTO E INSTALAÇÃO | E98: m² | F98: 500 | G98: 123.74 | H98: =TRUNC(G98 * (1 + 24.21 / 100), 2) -> 153.69 | I98: =TRUNC(F98 * H98, 2) -> 76845 | J98: =I98 / 78146205.39 -> 0.00098334909
A99: 6.14 | B99: ED-50587 | C99: SETOP | D99: PISO PODOTÁTIL DE CONCRETO, DIRECIONAL, APLICADO EM PISO (40X40CM) COM JUNTA SECA, COR VERMELHO/AMARELO, ASSENTAMENTO COM ARGAMASSA INDUSTRIALIZADA, INCLUSIVE FORNECIMENTO E INSTALAÇÃO | E99: m² | F99: 500 | G99: 123.3 | H99: =TRUNC(G99 * (1 + 24.21 / 100), 2) -> 153.15 | I99: =TRUNC(F99 * H99, 2) -> 76575 | J99: =I99 / 78146205.39 -> 0.00097989403
A100: 6.15 | B100: CPU-1001 | C100: Próprio | D100: Formas planas de madeira de pinho de 3ª (Execução, incluindo desforma, fornecimento e transporte de todos os materiais) | E100: m² | F100: 500 | G100: 67.77 | H100: =TRUNC(G100 * (1 + 24.21 / 100), 2) -> 84.17 | I100: =TRUNC(F100 * H100, 2) -> 42085 | J100: =I100 / 78146205.39 -> 0.00053854182
A101: 7 | D101: EQUIPAMENTOS | I101: =SUM(I102:I109) -> 314803.5 | J101: =I101 / 78146205.39 -> 0.0040283914
A102: 7.1 | B102: 50.10.08 | C102: SUDECAP | D102: CAMINHAO, CARROCERIA E CAVALO MECANICO - CHP/CAMINHAO BASCULANTE FORD 1317 WE | E102: H | F102: 200 | G102: 136.99 | H102: =TRUNC(G102 * (1 + 24.21 / 100), 2) -> 170.15 | I102: =TRUNC(F102 * H102, 2) -> 34030 | J102: =I102 / 78146205.39 -> 0.0004354658
A103: 7.2 | B103: 50.10.12 | C103: SUDECAP | D103: CAMINHAO, CARROCERIA E CAVALO MECANICO - CHP/CAMINHAO BASCULANTE FORD 1519 | E103: H | F103: 200 | G103: 163.16 | H103: =TRUNC(G103 * (1 + 24.21 / 100), 2) -> 202.66 | I103: =TRUNC(F103 * H103, 2) -> 40532 | J103: =I103 / 78146205.39 -> 0.00051866882
A104: 7.3 | B104: 50.10.36 | C104: SUDECAP | D104: CAMINHAO, CARROCERIA E CAVALO MECANICO - CHP/CAMINHAO TANQUE FORD 1317 WE, 6.000L | E104: H | F104: 200 | G104: 143.99 | H104: =TRUNC(G104 * (1 + 24.21 / 100), 2) -> 178.84 | I104: =TRUNC(F104 * H104, 2) -> 35768 | J104: =I104 / 78146205.39 -> 0.00045770617
A105: 7.4 | B105: 50.10.50 | C105: SUDECAP | D105: CAMINHAO, CARROCERIA E CAVALO MECANICO - CHP/CAMINHAO TANQUE FORD 1317 WE TRUCADO, 10000 | E105: H | F105: 200 | G105: 150.94 | H105: =TRUNC(G105 * (1 + 24.21 / 100), 2) -> 187.48 | I105: =TRUNC(F105 * H105, 2) -> 37496 | J105: =I105 / 78146205.39 -> 0.00047981856
A106: 7.5 | B106: 50.20.06 | C106: SUDECAP | D106: ESCAVADEIRA E DRAGA - CHP/RETROESCAVADEIRA TRAÇÃO 4X2, 85HP, CAÇAMBA 610MM / 0,22M3 OU EQUIVALENTE | E106: H | F106: 200 | G106: 140.8 | H106: =TRUNC(G106 * (1 + 24.21 / 100), 2) -> 174.88 | I106: =TRUNC(F106 * H106, 2) -> 34976 | J106: =I106 / 78146205.39 -> 0.00044757132
A107: 7.6 | B107: 50.20.18 | C107: SUDECAP | D107: ESCAVADEIRA E DRAGA - CHP/ESCAVADEIRA HIDRAULICA SOBRE ESTEIRAS, CACAMBA 0,98M3, PESO OPERACIONAL 17T, POTENCIA BRUTA 119HP, OU EQUIVALENTE | E107: H | F107: 200 | G107: 227.3 | H107: =TRUNC(G107 * (1 + 24.21 / 100), 2) -> 282.32 | I107: =TRUNC(F107 * H107, 2) -> 56464 | J107: =I107 / 78146205.39 -> 0.00072254308
A108: 7.7 | B108: 50.32.08 | C108: SUDECAP | D108: MOTONIVELADORA - CHP/MOTONIVELADORA POTENCIA BASICA LIQUIDA (PRIMEIRA MARCHA) 125HP/93KW , PESO BRUTO 16T, LARGURA DA LAMINA DE 3,7 M, OU EQUIVALENTE | E108: H | F108: 100 | G108: 257.93 | H108: =TRUNC(G108 * (1 + 24.21 / 100), 2) -> 320.37 | I108: =TRUNC(F108 * H108, 2) -> 32037 | J108: =I108 / 78146205.39 -> 0.00040996232
A109: 7.8 | B109: CPU-998 | C109: Próprio | D109: MOBILIZAÇÃO E DESMOBILIZAÇÃO DE EQUIPAMENTOS COM CAVALO MECÂNICO ESTRADEIRO 6 X 2, PBT 23.000 KG - 265 KW - MOTORISTA DE CAMINHÃO | E109: VG | F109: 50 | G109: 700.44 | H109: =TRUNC(G109 * (1 + 24.21 / 100), 2) -> 870.01 | I109: =TRUNC(F109 * H109, 2) -> 43500.5 | J109: =I109 / 78146205.39 -> 0.00055665531
A110: 8 | D110: VEÍCULOS | I110: =I111 -> 83764.32 | J110: =I110 / 78146205.39 -> 0.0010718924
A111: 8.1 | B111: CPU-999 | C111: Próprio | D111: LOCACAO VEICULO POPULAR MOTOR 1.0 C/ AR E SEGURO COM COMBUSTÍVEL | E111: MÊS | F111: 24 | G111: 2809.91 | H111: =TRUNC(G111 * (1 + 24.21 / 100), 2) -> 3490.18 | I111: =TRUNC(F111 * H111, 2) -> 83764.32 | J111: =I111 / 78146205.39 -> 0.0010718924
A112: 9 | D112: SERVIÇOS TÉCNICOS | I112: =SUM(I113:I114) -> 47272.6 | J112: =I112 / 78146205.39 -> 0.00060492509
A113: 9.1 | B113: CPU-994 | C113: Próprio | D113: EQUIPE DE TOPOGRAFIA | E113: H | F113: 220 | G113: 98.37 | H113: =TRUNC(G113 * (1 + 24.21 / 100), 2) -> 122.18 | I113: =TRUNC(F113 * H113, 2) -> 26879.6 | J113: =I113 / 78146205.39 -> 0.00034396552
...

Sheet Orçamento Analítico 
A1: PREFEITURA MUNICIPAL DE SANTA LUZIA
C2: ='Orçamento Sintético'!D2 -> Objeto: | E2: Bancos | G2: B.D.I. | I2: Encargos Sociais
C3: Registro de preço para futura e eventual contratação de empresa para execução de serviços de restauração, recuperação, melhoramento e construção de pavimentos em diversos logradouros públicos no município, com fornecimento de mão de obra, materiais e equipamentos. | E3: SINAPI - 11/2022 - Minas Gerais SBC - 12/2022 - Minas Gerais SICRO3 - 07/2022 - Minas Gerais SETOP - 10/2022 - Minas Gerais SUDECAP - 10/2022 - Minas Gerais | G3: 24,21% | I3: Não Desonerado: embutido nos preços unitário dos insumos de mão de obra, de acordo com as bases.
H4: ='Orçamento Sintético'!H4:J4 -> Belo Horizonte, 21 de junho de 2023
A5: PLANILHA ORÇAMENTÁRIA ANALÍTICA
A6: 1 | D6: SERVIÇOS PRELIMINARES | J6: 438566.41
A7: 1.1 | B7: Código | C7: Banco | D7: Descrição | E7: Tipo | G7: Und | H7: Quant. | I7: Valor Unit | J7: Total
A8: Composição | B8: ED-16660 | C8: SETOP | D8: FORNECIMENTO E COLOCAÇÃO DE PLACA DE OBRA EM CHAPA GALVANIZADA #26, ESP. 0,45 MM, PLOTADA COM ADESIVO VINÍLICO, AFIXADA COM REBITES 4,8X40 MM, EM ESTRUTURA METÁLICA DE METALON 20X20 MM, ESP. 1,25 MM, INCLUSIVE SUPORTE EM EUCALIPTO AUTOCLAVADO PINTADO COM TINTA PVA DUAS (2) DEMÃOS | E8: ED- | G8: m² | H8: 1 | I8: 297.88 | J8: 297.88
A9: A | B9: Código | C9: Banco | D9: Equipamentos | E9: Utilização | G9: Custo Operacional | I9: Consumo | J9: Custo Horário
E10: Operativa | F10: Improdutiva | G10: Operativa | H10: Improdutiva
G11: (A) Total: | J11: 0
A12: B | B12: Código | C12: Banco | D12: Mão de Obra | F12: Unidade | J12: Custo Horário
G13: (B) Total: | J13: 0
G14: Custo Horário de Execução (A) + (B): | J14: 0
G15: (D) Produção da Equipe: | J15: 1
G16: Custo Unitário de Execução [(A) + (B)] / (D): | J16: 0
A17: F | B17: Banco | C17: Código | D17: Material | G17: Unidade | H17: Custo Unitário | I17: Quantidade | J17: Custo Horário
G18: (F)Total: | J18: 0
A19: G | B19: Banco | C19: Código | D19: Serviços | G19: Unidade | H19: Custo Unitário | I19: Quantidade | J19: Custo Horário
A20: Atividade Auxiliar | B20: SETOP | C20: ED-16670 | D20: PLACA DE OBRA EM CHAPA GALVANIZADA ENRIJECIDA, PLOTADA COM ADESIVO VINÍLICO, FIXADA COM REBITES 4,8X40MM, EM ESTRUTURA METÁLICA DE METALON | G20: m² | H20: 264.6 | I20: 1 | J20: 264.6
A21: Atividade Auxiliar | B21: SETOP | C21: ED-16671 | D21: FIXAÇÃO DE PLACA DE OBRA EM SUPORTE DE EUCALIPTO AUTOCLAVADO, INCLUSIVE PINTURA LÁTEX (PVA) EM SUPERFÍCIE DE MADEIRA, EM DUAS (2) DEMÃOS E ESCAVAÇÃO ( | G21: m² | H21: 33.28 | I21: 1 | J21: 33.28
G22: (G) Total: | J22: 297.88
E23: MO sem LS => | F23: 43.393682 | G23: LS => | H23: 0 | I23: MO com LS => | J23: 43.393682
E24: Valor do BDI => | F24: 72.11 | H24: Valor com BDI => | J24: 369.99
G25: Quant. => | H25: 135 | I25: Preço Total => | J25: 49948.65
A27: 1.2 | B27: Código | C27: Banco | D27: Descrição | E27: Tipo | G27: Und | H27: Quant. | I27: Valor Unit | J27: Total
A28: Composição | B28: 01.02.11 | C28: SUDECAP | D28: BARRACAO DE OBRA - AREA COBERTA EM TELHA ONDULADA DE FIBROCIMENTO 4MM | E28: BARRACAO DE OBRA | G28: m² | H28: 1 | I28: 74.52 | J28: 74.52
A29: Insumo | B29: 55.10.50 | C29: SUDECAP | D29: CARPINTEIRO | E29: Mão de Obra | G29: H | H29: 1 | I29: 22.52 | J29: 22.52
A30: Insumo | B30: 55.10.88 | C30: SUDECAP | D30: SERVENTE | E30: Mão de Obra | G30: H | H30: 1 | I30: 15.79 | J30: 15.79
A31: Insumo | B31: 67.02.10 | C31: SUDECAP | D31: TELHA DE FIBROCIMENTO ONDULADA E = 4 MM, DE 2,44 X 0,50 M (SEM AMIANTO) | E31: Material | G31: m² | H31: 0.4224 | I31: 20.31 | J31: 8.57
A32: Insumo | B32: 67.20.26 | C32: SUDECAP | D32: PARAFUSO ZINCADO ROSCA SOBERBA, CABECA SEXTAVADA, 5/16 " X 110 MM, PARA FIXACAO DE TELHA EM MADEIRA | E32: Material | G32: UN | H32: 0.55 | I32: 1.67 | J32: 0.91
A33: Insumo | B33: 71.01.05 | C33: SUDECAP | D33: TABUA DE MADEIRA APARELHADA *2,5 X 25* CM, MACARANDUBA, ANGELIM OU EQUIVALENTE DA REGIAO | E33: Material | G33: m² | H33: 0.25 | I33: 85 | J33: 21.25
A34: Insumo | B34: 71.04.08 | C34: SUDECAP | D34: PECA DE MADEIRA DE PINUS 5,5X5,5 CM | E34: Material | G34: M | H34: 1.6995 | I34: 2.78 | J34: 4.72
A35: Insumo | B35: 77.05.51 | C35: SUDECAP | D35: PREGO DE ACO POLIDO COM CABECA 18 X 30 (2 3/4 X 10) | E35: Material | G35: KG | H35: 0.05 | I35: 15.22 | J35: 0.76
E36: MO sem LS => | F36: 38.31 | G36: LS => | H36: 0 | I36: MO com LS => | J36: 38.31
E37: Valor do BDI => | F37: 18.04 | H37: Valor com BDI => | J37: 92.56
G38: Quant. => | H38: 100 | I38: Preço Total => | J38: 9256
A40: 1.3 | B40: Código | C40: Banco | D40: Descrição | E40: Tipo | G40: Und | H40: Quant. | I40: Valor Unit | J40: Total
A41: Composição | B41: 01.04.02 | C41: SUDECAP | D41: TAPUME PADRAO SUDECAP (TIPO I, II E III) - COMPENSADO 10MM FIXAÇAO ENTERRADA SEM INFORME PBH | E41: TAPUME PADRAO SUDECAP (TIPO I, II E III) | G41: M | H41: 1 | I41: 104.72 | J41: 104.72
A42: Insumo | B42: 55.10.88 | C42: SUDECAP | D42: SERVENTE | E42: Mão de Obra | G42: H | H42: 1.2 | I42: 15.79 | J42: 18.94
A43: Insumo | B43: 71.01.05 | C43: SUDECAP | D43: TABUA DE MADEIRA APARELHADA *2,5 X 25* CM, MACARANDUBA, ANGELIM OU EQUIVALENTE DA REGIAO | E43: Material | G43: m² | H43: 0.0525 | I43: 85 | J43: 4.46
A44: Insumo | B44: 55.10.81 | C44: SUDECAP | D44: PINTOR | E44: Mão de Obra | G44: H | H44: 0.4 | I44: 22.52 | J44: 9
A45: Insumo | B45: 71.14.06 | C45: SUDECAP | D45: CHAPA DE MADEIRA COMPENSADA RESINADA PARA FORMA DE CONCRETO, DE *2,2 X 1,1* M, E = 10 MM | E45: Material | G45: m² | H45: 1.1 | I45: 31.4 | J45: 34.54
A46: Insumo | B46: 55.10.50 | C46: SUDECAP | D46: CARPINTEIRO | E46: Mão de Obra | G46: H | H46: 0.8 | I46: 22.52 | J46: 18.01
A47: Insumo | B47: 71.04.08 | C47: SUDECAP | D47: PECA DE MADEIRA DE PINUS 5,5X5,5 CM | E47: Material | G47: M | H47: 2.3386 | I47: 2.78 | J47: 6.5
A48: Insumo | B48: 75.01.05 | C48: SUDECAP | D48: TINTA LATEX PVA PREMIUM, COR BRANCA | E48: Material | G48: LATA | H48: 0.0187 | I48: 384.9 | J48: 7.19
A49: Insumo | B49: 77.05.51 | C49: SUDECAP | D49: PREGO DE ACO POLIDO COM CABECA 18 X 30 (2 3/4 X 10) | E49: Material | G49: KG | H49: 0.4 | I49: 15.22 | J49: 6.08
E50: MO sem LS => | F50: 45.95 | G50: LS => | H50: 0 | I50: MO com LS => | J50: 45.95
E51: Valor do BDI => | F51: 25.35 | H51: Valor com BDI => | J51: 130.07
G52: Quant. => | H52: 500 | I52: Preço Total => | J52: 65035
A54: 1.4 | B54: Código | C54: Banco | D54: Descrição | E54: Tipo | G54: Und | H54: Quant. | I54: Valor Unit | J54: Total
A55: Composição | B55: 01.04.09 | C55: SUDECAP | D55: TAPUME PADRAO SUDECAP (TIPO I, II E III) - TELA-TAPUME DE POLIPROPILENO H= 1,20 M, INCL. BASE | E55: TAPUME PADRAO SUDECAP (TIPO I, II E III) | G55: M | H55: 1 | I55: 9 | J55: 9
A56: Composição Auxiliar | B56: 40.20.11 | C56: SUDECAP | D56: FORMA DE TABUA DE PINHO DE 3a. TIPO E (P/ BERCO) | E56: FORMA E ESCORAMENTO | G56: m² | H56: 0.02 | I56: 26.59 | J56: 0.53
A57: Composição Auxiliar | B57: 40.09.05 | C57: SUDECAP | D57: CONCRETO 1:4:8, B1-B2 CALCARIA,LANCADO EM FUNDACAO | E57: CONCRETO CONVENCIONAL B1-B2 CALC., LANC. EM FUND. | G57: m³ | H57: 0.004 | I57: 543.95 | J57: 2.17
A58: Insumo | B58: 55.10.88 | C58: SUDECAP | D58: SERVENTE | E58: Mão de Obra | G58: H | H58: 0.04 | I58: 15.79 | J58: 0.63
A59: Insumo | B59: 60.40.10 | C59: SUDECAP | D59: TELA PLASTICA LARANJA, TIPO TAPUME PARA SINALIZACAO, MALHA RETANGULAR, ROLO 1.20 X 50 M (L X C) | E59: Material | G59: M | H59: 1 | I59: 2.2 | J59: 2.2
A60: Insumo | B60: 71.04.08 | C60: SUDECAP | D60: PECA DE MADEIRA DE PINUS 5,5X5,5 CM | E60: Material | G60: M | H60: 1.25 | I60: 2.78 | J60: 3.47
E61: MO sem LS => | F61: 1.53 | G61: LS => | H61: 0 | I61: MO com LS => | J61: 1.53
E62: Valor do BDI => | F62: 2.17 | H62: Valor com BDI => | J62: 11.17
G63: Quant. => | H63: 1000 | I63: Preço Total => | J63: 11170
A65: 1.5 | B65: Código | C65: Banco | D65: Descrição | E65: Tipo | G65: Und | H65: Quant. | I65: Valor Unit | J65: Total
A66: Composição | B66: 01.04.10 | C66: SUDECAP | D66: TAPUME PADRAO SUDECAP (TIPO I, II E III) - PROTEÇAO COM FITA ZEBRADA AMARELA L=7CM E PEÇA 7X7 | E66: TAPUME PADRAO SUDECAP (TIPO I, II E III) | G66: M | H66: 1 | I66: 7.59 | J66: 7.59
A67: Composição Auxiliar | B67: 40.09.05 | C67: SUDECAP | D67: CONCRETO 1:4:8, B1-B2 CALCARIA,LANCADO EM FUNDACAO | E67: CONCRETO CONVENCIONAL B1-B2 CALC., LANC. EM FUND. | G67: m³ | H67: 0.0064 | I67: 543.95 | J67: 3.48
A68: Composição Auxiliar | B68: 40.20.11 | C68: SUDECAP | D68: FORMA DE TABUA DE PINHO DE 3a. TIPO E (P/ BERCO) | E68: FORMA E ESCORAMENTO | G68: m² | H68: 0.036 | I68: 26.59 | J68: 0.95
A69: Insumo | B69: 55.10.88 | C69: SUDECAP | D69: SERVENTE | E69: Mão de Obra | G69: H | H69: 0.08 | I69: 15.79 | J69: 1.26
A70: Insumo | B70: 55.10.75 | C70: SUDECAP | D70: PEDREIRO | E70: Mão de Obra | G70: H | H70: 0.08 | I70: 22.52 | J70: 1.8
A71: Insumo | B71: 71.04.08 | C71: SUDECAP | D71: PECA DE MADEIRA DE PINUS 5,5X5,5 CM | E71: Material | G71: M | H71: 0.02 | I71: 2.78 | J71: 0.05
A72: Insumo | B72: 84.20.20 | C72: SUDECAP | D72: FITA ZEBRADA PARA SINALIZAÇAO ROLO DE 200M | E72: Material | G72: M | H72: 1.08 | I72: 0.05 | J72: 0.05
E73: MO sem LS => | F73: 4.58 | G73: LS => | H73: 0 | I73: MO com LS => | J73: 4.58
E74: Valor do BDI => | F74: 1.83 | H74: Valor com BDI => | J74: 9.42
G75: Quant. => | H75: 1000 | I75: Preço Total => | J75: 9420
A77: 1.6 | B77: Código | C77: Banco | D77: Descrição | E77: Tipo | G77: Und | H77: Quant. | I77: Valor Unit | J77: Total
A78: Composição | B78: 01.04.11 | C78: SUDECAP | D78: TAPUME PADRAO SUDECAP (TIPO I, II E III) - FITA ZEBRADA AMARELA PARA SINALIZAÇAO L= 7CM | E78: TAPUME PADRAO SUDECAP (TIPO I, II E III) | G78: M | H78: 1 | I78: 3.11 | J78: 3.11
A79: Insumo | B79: 55.10.88 | C79: SUDECAP | D79: SERVENTE | E79: Mão de Obra | G79: H | H79: 0.08 | I79: 15.79 | J79: 1.26
A80: Insumo | B80: 55.10.75 | C80: SUDECAP | D80: PEDREIRO | E80: Mão de Obra | G80: H | H80: 0.08 | I80: 22.52 | J80: 1.8
A81: Insumo | B81: 84.20.20 | C81: SUDECAP | D81: FITA ZEBRADA PARA SINALIZAÇAO ROLO DE 200M | E81: Material | G81: M | H81: 1.05 | I81: 0.05 | J81: 0.05
E82: MO sem LS => | F82: 3.06 | G82: LS => | H82: 0 | I82: MO com LS => | J82: 3.06
E83: Valor do BDI => | F83: 0.75 | H83: Valor com BDI => | J83: 3.86
G84: Quant. => | H84: 3000 | I84: Preço Total => | J84: 11580
A86: 1.7 | B86: Código | C86: Banco | D86: Descrição | E86: Tipo | G86: Und | H86: Quant. | I86: Valor Unit | J86: Total
A87: Composição | B87: 01.06.01 | C87: SUDECAP | D87: INSTALAÇAO PROVISORIA - CONCESSIONARIA - PADRÃO CEMIG PROVISÓRIO TIPO C3, DEMANDA PROVÁVEL DE 23,1 ATÉ 27,0KW (3F+N) | E87: INSTALAÇAO PROVISORIA - CONCESSIONARIA | G87: UN | H87: 1 | I87: 810.09 | J87: 810.09
A88: Insumo | B88: 55.10.55 | C88: SUDECAP | D88: ELETRICISTA | E88: Mão de Obra | G88: H | H88: 3 | I88: 22.52 | J88: 67.56
A89: Insumo | B89: 55.10.10 | C89: SUDECAP | D89: AUXILIAR BOMBEIRO/ELETRICISTA | E89: Mão de Obra | G89: H | H89: 3 | I89: 15.79 | J89: 47.37
A90: Insumo | B90: 60.35.12 | C90: SUDECAP | D90: ARAME GALVANIZADO 12 BWG, 2,76 MM (0,048 KG/M) | E90: Material | G90: KG | H90: 0.125 | I90: 17.5 | J90: 2.18
A91: Insumo | B91: 74.02.13 | C91: SUDECAP | D91: ELETRODUTO GALV. À QUENTE, PESADO, PAREDE 2,65MM, 1 1/4", CONF. ABNT NBR 5598 OU EQUIVALENTE | E91: Material | G91: M | H91: 1.25 | I91: 46.67 | J91: 58.33
A92: Insumo | B92: 74.08.31 | C92: SUDECAP | D92: CX. PADRAO CEMIG P/MED.POLIF.E DISJ. 46x35x21 CM-2 OU EQUIVALENTE | E92: Material | G92: UN | H92: 0.25 | I92: 225.09 | J92: 56.27
A93: Insumo | B93: 74.10.28 | C93: SUDECAP | D93: DISJUNTOR TERMOMAGNÉTICO TIPO NEMA, TRIPOLAR 70A, TENSAO MAXIMA DE 240 V | E93: Material | G93: UN | H93: 0.25 | I93: 132.81 | J93: 33.2
A94: Insumo | B94: 74.28.05 | C94: SUDECAP | D94: CONECTOR METALICO TIPO PARAFUSO FENDIDO (SPLIT BOLT), PARA CABOS 25 MM2 | E94: Material | G94: UN | H94: 1.75 | I94: 10.27 | J94: 17.97
A95: Insumo | B95: 74.44.40 | C95: SUDECAP | D95: ABRACADEIRA, GALVANIZADA/ZINCADA, ROSCA SEM FIM, PARAFUSO INOX, LARGURA FITA *12,6 A *14 MM, D = 4" A 4 3/4" | E95: Material | G95: UN | H95: 0.25 | I95: 7.44 | J95: 1.86
A96: Insumo | B96: 74.44.86 | C96: SUDECAP | D96: TAMPAO DE ALUMINIO 102MM | E96: Material | G96: UN | H96: 0.25 | I96: 3.1 | J96: 0.77
A97: Insumo | B97: 74.44.95 | C97: SUDECAP | D97: CABECOTE DE ALUMINIO 1 1/4" | E97: Material | G97: UN | H97: 0.25 | I97: 4.22 | J97: 1.05
A98: Insumo | B98: 74.16.43 | C98: SUDECAP | D98: CABO DE COBRE, FLEXIVEL, CLASSE 4 OU 5, ISOLACAO EM PVC/A, ANTICHAMA BWF-B, COBERTURA PVC-ST1, ANTICHAMA BWF-B, 1 CONDUTOR, 0,6/1 KV, SECAO NOMINAL 25 MM2 | E98: Material | G98: M | H98: 4.4 | I98: 15.19 | J98: 66.83
... A104: Insumo | B104: 74.44.31 | C104: SUDECAP | D104: HASTE DE ATERRAM. 17,00MM X 2,40 COPPERWELD (3/4) OU EQUIVALENTE | E104: Material | G104: UN | H104: 2 | I104: 159.26 | J104: 318.52
E105: MO sem LS => | F105: 114.93 | G105: LS => | H105: 0 | I105: MO com LS => | J105: 114.93
E106: Valor do BDI => | F106: 196.12 | H106: Valor com BDI => | J106: 1006.21
G107: Quant. => | H107: 10 | I107: Preço Total => | J107: 10062.1
A109: 1.8 | B109: Código | C109: Banco | D109: Descrição | E109: Tipo | G109: Und | H109: Quant. | I109: Valor Unit | J109: Total
A110: Composição | B110: 01.06.05 | C110: SUDECAP | D110: INSTALAÇAO PROVISORIA - CONCESSIONARIA - PADRAO COPASA - KIT CAVALTE METAL E REGISTRO 3/4" | E110: INSTALAÇAO PROVISORIA - CONCESSIONARIA | G110: UN | H110: 1 | I110: 464.63 | J110: 464.63
A111: Insumo | B111: 55.10.10 | C111: SUDECAP | D111: AUXILIAR BOMBEIRO/ELETRICISTA | E111: Mão de Obra | G111: H | H111: 3 | I111: 15.79 | J111: 47.37
A112: Insumo | B112: 55.10.39 | C112: SUDECAP | D112: BOMBEIRO | E112: Mão de Obra | G112: H | H112: 3 | I112: 22.51 | J112: 67.53
...

Sheet BDI
A1: PREFEITURA MUNICIPAL DE SANTA LUZIA
B2: ='Orçamento Sintético'!D2 -> Objeto:
B3: ='Orçamento Sintético'!D3 -> Registro de preço para futura e eventual contratação de empresa para execução de serviços de restauração, recuperação, melhoramento e construção de pavimentos em diversos logradouros públicos no município, com fornecimento de mão de obra, materiais e equipamentos.
I4: Santa Luzia, 07 de fevereiro de 2023
A5: Acórdão TCU 2622/2013
A6: Parâmetros para cálculo do BDI
A7: Itens Admissíveis | B7: Intervalos admissíveis sem justificativa | H7: Índices adotados
A9: Administração Central (AC) | B9: De | C9: 0.038 | E9: até | F9: 0.0467 | H9: Administração Central (AC) | I9: 0.0467
A10: Seguro e Garantia (S+G) | B10: De | C10: 0.0032 | E10: até | F10: 0.0074 | H10: Seguro e Garantia (S+G) | I10: 0.0074
A11: Risco (R) | B11: De | C11: 0.005 | E11: até | F11: 0.0097 | H11: Risco (R) | I11: 0.0056
A12: Despesas financeiras (DF) | B12: De | C12: 0.0102 | E12: até | F12: 0.0121 | H12: Despesas financeiras (DF) | I12: 0.0121
A13: Lucro (L) | B13: De | C13: 0.0664 | E13: até | F13: 0.0869 | H13: Lucro (L) | I13: 0.0869
A14: ISS | B14: De | C14: 0.02 | E14: até | F14: 0.05 | H14: Tributos (T) | I14: 0.025
A15: PIS+COFINS | F15: 0.0365 | H15: PIS+COFINS | I15: 0.0365
A16: CPRB | C16: 0 | E16: ou | F16: 0.045 | H16: INSS desoneração (E) | I16: 0
A17: Controle
A18: Administração Central (AC) | B18: OK
A19: Seguro e Garantia (S+G) | B19: OK
A20: Risco (R) | B20: OK
A21: Despesas financeiras (DF) | B21: OK
A22: Lucro (L) | B22: OK
A23: Tributos (T) | B23: OK
A24: INSS desoneração (E) | B24: OK
A25: BDI CALCULADO ----> | B25: BDI = (1+AC+S+R+G)*(1+DF)*(1+L)/(1-(T+E)) | I25: =((1+I9+I10+I11)*(1+I12)*(1+I13))/(1-(I14+I16+I15))-1 -> 0.24211461
E28: CONSTRUTORA MARINS LTDA
E29: Henrique Weber Neves Marins
E30: Representante Legal
